 Dungeon Crawl Stone Soup version 0.29-a0-298-g3c90f9a769 (webtiles) character file.

Game seed: 14983386684993033402

353 Dabor the Stinger (level 6, 0/27 (32) HPs)
             Began as a Deep Elf Venom Mage on Mar 23, 2022.
             Was a Follower of Qazlal.
             Slain by a wight
             ... wielding a +1 mace
              (5 damage)
             ... on level 3 of the Dungeon.
             The game lasted 00:10:03 (4006 turns).

Dabor the Stinger (Deep Elf Venom Mage)             Turns: 4006, Time: 00:10:03

HP:   0/27 (32)     AC:  5    Str:  5    XL:     6   Next: 35%
MP:   10/14         EV: 13    Int: 22    God:    Qazlal [*.....]
Gold: 50            SH:  2    Dex: 15    Spells: 6/13 levels left

rFire   . . .      SeeInvis .   h - +3 dagger (flame)
rCold   . . .      Faith    .   (no shield)
rNeg    . . .      Spirit   .   a - +0 robe
rPois   .          Reflect  .   (no helmet)
rElec   .          Harm     .   s - +2 cloak {Will+}
rCorr   .          Rampage  .   (no gloves)
Will    +....                   (no boots)
Stlth   ++........              c - amulet of regeneration
HPRegen 0.89/turn               (no ring)
MPRegen 0.14/turn               (no ring)

@: heavily drained
A: no striking features
a: Renounce Religion


You were on level 3 of the Dungeon.
You worshipped Qazlal.
Qazlal was aware of your devotion.
You visited 1 branch of the dungeon, and saw 4 of its levels.

You collected 140 gold pieces.
You spent 90 gold pieces at shops.

Inventory:

Hand Weapons
 h - a +3 dagger of flaming (weapon)
Armour
 a - a +0 robe (worn)
 l - a scarf of harm
 s - a +2 cloak of willpower (worn)
Jewellery
 c - an amulet of regeneration (around neck)
 k - an amulet of guardian spirit
Wands
 t - a wand of iceblast (5)
Scrolls
 e - 4 scrolls of identify
 f - a scroll of amnesia {unknown}
 j - a scroll of vulnerability {unknown}
 p - a scroll of blinking {unknown}
 r - a scroll of noise {unknown}
Potions
 b - a potion of magic
 d - a potion of curing
 g - a potion of invisibility {unknown}
 i - a potion of haste {unknown}
 n - a potion of flight {unknown}
 o - a potion of might {unknown}
 q - a potion of heal wounds {unknown}


   Skills:
 + Level 3.8 Dodging
 - Level 3.0 Stealth
 + Level 4.3 Spellcasting
 + Level 1.1 Conjurations
 - Level 2.0 Transmutations
 + Level 1.1 Ice Magic
 + Level 1.0 Air Magic
 * Level 5.1 Poison Magic
 + Level 2.1 Invocations
 + Level 1.1 Evocations


You had 6 spell levels left.
You knew the following spells:

 Your Spells              Type           Power      Damage    Failure   Level
a - Sting                 Tmut/Pois      80%        1d7       2%          1
b - Poisonous Vapours     Pois/Air       36%        N/A       4%          2
c - Olgreb's Toxic Radia  Pois           27%        N/A       13%         4

Your spell library contained the following spells:

 Spells                   Type           Power      Damage    Failure   Level
 Spider Form              Tmut/Pois      20%        N/A       8%          3
 Mephitic Cloud           Conj/Pois/Air  15%        N/A       12%         3
 Ensorcelled Hibernation  Hex/Ice        14%        N/A       13%         2
 Anguish                  Hex/Necr       2%         N/A       71%         4
 Freezing Cloud           Conj/Ice/Air   4%         6-21      88%         5
 Eringya's Noxious Bog    Tmut/Pois      10%        N/A       98%         6
 Simulacrum               Ice/Necr       3%         N/A       100%        6
 Polar Vortex             Ice            4%         N/A       100%        9


Dungeon Overview and Level Annotations

Branches:
Dungeon (4/15)
 Temple: D:4-7

Altars:
Qazlal
Uskayaw

Shops:
D:2 =   D:4 *

Annotations:
D:3 2 transporters, generaletaddeo's ghost, amateur SpAr
D:4 Pikel


Message History

The wight closely misses you.
You hit the wight but do no damage.
The wight is severely damaged.
The wight hits you with a +0 dagger.
You barely miss the wight.
The wight is severely damaged.
The wight hits you with a +0 dagger.
You feel drained.
You hit the wight. You burn the wight.
The wight is almost destroyed.
The wight hits you but does no damage.
You hit the wight. You burn the wight.
You destroy the wight!
Qazlal accepts your kill.
Your life force feels restored.
Your Ice Magic skill increases to level 1!
Your Air Magic skill increases to level 1!
Your Evocations skill increases to level 1!
You hit the wight but do no damage.
The wight is almost destroyed.
The wight hits you with a +1 mace!
You feel drained.
You are too injured to fight recklessly!
You are too injured to fight recklessly!
You are too injured to fight recklessly!
You are too injured to fight recklessly!
You closely miss the wight.
The wight is almost destroyed.
The wight hits you with a +1 mace.
* * * LOW HITPOINT WARNING * * *
You feel drained.
* * * LOW HITPOINT WARNING * * *
You feel better. The wight hits you with a +1 mace.
* * * LOW HITPOINT WARNING * * *
You feel drained.
* * * LOW HITPOINT WARNING * * *
Okay, then.
As you read the scroll labelled QOETIU ZUORPHU, it crumbles to dust.
It is a scroll of enchant weapon.
Your +2 dagger of flaming glows red for a moment.
The wight hits you with a +1 mace.
You die...

##.##.##.........###.# #.##
#.##.##........####.#####.##
#.##...........#.......##.##
#.####.........#.##.##......
#.###...............#####...
#.......#####.......# ####
#####...# ####.##### ######
#...#######......###### .....#
#....zz@..#..##.......##
#.##.#####...#####.#..##..###....
..........)..z.....#......###....
#####........>.....#.##...#......
# #..............#.##...#.#.... #
#.####...#####.#...........>. ###
#.# #.........####.###.#####
..###.# #...#####.####.# #.# ##
#..[..# #...# #.....##.###.####.


You could see 2 wights.

Vanquished Creatures
  Eustachio (D:4)
  A wight (D:3)
  Crazy Yiuf (D:3)
  An iguana (D:2)
  A gnoll (D:1)
  2 adders
  A worm (D:2)
  2 dart slugs
  2 orcs (D:3)
  8 ball pythons
  8 endoplasms
  7 giant cockroaches
  5 goblins
  2 hobgoblins
  9 jackals
  5 kobolds
  A quokka (D:3)
  5 bats
  A frilled lizard (D:2)
  8 rats
71 creatures vanquished.

Notes
Turn   | Place    | Note
-------+----------+-------------------------------------------
     0 | D:1      | Dabor the Deep Elf Venom Mage began the quest for the Orb.
     0 | D:1      | Reached XP level 1. HP: 10/10 MP: 6/6
   417 | D:1      | Reached XP level 2. HP: 15/15 MP: 5/8
   899 | D:1      | Reached XP level 3. HP: 4/19 MP: 2/9
  1271 | D:1      | Found a faded altar of an unknown god.
  1288 | D:1      | Prayed at the altar of an unknown god.
  1288 | D:1      | Became a worshipper of Qazlal Stormbringer
  1288 | D:1      | Reached * piety under Qazlal
  2057 | D:2      | Reached skill level 4 in Poison Magic
  2439 | D:2      | Reached XP level 4. HP: 17/24 MP: 5/11
  2539 | D:2      | Found Kush's Jewellery Shop.
  2664 | D:2      | Reached skill level 1 in Invocations
  2905 | D:3      | Got the Handbook of Congealing Toxins
  3175 | D:3      | Found a hide-covered altar of Uskayaw.
  3315 | D:3      | Found a transporter.
  3320 | D:3      | Noticed generaletaddeo's ghost (amateur SpAr)
  3358 | D:3      | Found a transporter.
  3556 | D:3      | Found a runed translucent door.
  3557 | D:3      | Noticed Crazy Yiuf
  3565 | D:3      | Killed Crazy Yiuf
  3566 | D:3      | Reached XP level 5. HP: 17/28 MP: 6/13
  3621 | D:3      | Learned a level 4 spell: Olgreb's Toxic Radiance
  3624 | D:3      | Learned a level 2 spell: Poisonous Vapours
  3697 | D:4      | Found Koritiach's General Store.
  3700 | D:4      | Bought a wand of iceblast (5) for 90 gold pieces
  3712 | D:4      | Reached ** piety under Qazlal
  3758 | D:4      | Noticed Eustachio
  3787 | D:4      | Killed Eustachio
  3788 | D:4      | Reached skill level 1 in Conjurations
  3788 | D:4      | Reached skill level 5 in Poison Magic
  3788 | D:4      | Reached XP level 6. HP: 32/32 MP: 0/14
  3863 | D:4      | Noticed Pikel
  4003 | D:3      | Reached skill level 1 in Ice Magic
  4003 | D:3      | Reached skill level 1 in Air Magic
  4003 | D:3      | Reached skill level 1 in Evocations
  4006 | D:3      | Slain by a wight

Illustrated notes

Levels and vault maps discovered:
D:1:      dpeg_arrival_orchard, layout_basic,
          shapermc_ecumenical_altar_mp_highgroup, minmay_tiny_reverse_x
D:2:      layout_rooms, serial_shops, nicolae_diamond_shop, amethyst_killhole,
          minmay_tree_intersection, minmay_pentomino_p4
D:3:      layout_loops_cross, general_overflow_altar,
          gammafunk_ghost_stat_death, uniq_crazy_yiuf_cottage
D:4:      layout_basic, temple_doors_e, serial_shops,
          nicolae_shop_advertising_works [nicolae_subvault_shop_adworks],
          nicolae_stop_n_shop_1, kennysheep_little_box, kennysheep_mini,
          chequers_serial_rivers_large_a, uniq_pikel, uniq_robin, uniq_eustachio

Skill      XL: |  1  2  3  4  5  6 |
---------------+-------------------+-----
Stealth        | 3 |  3.0
Poison Magic   | 4 5 |  5.1
Transmutations | 2 |  2.0
Dodging        | 3 |  3.8
Invocations    | 1 2 |  2.1
Spellcasting   | 4 |  4.3
Conjurations   | 1 |  1.1
Ice Magic      | 1 |  1.1
Air Magic      | 1 |  1.0
Evocations     | 1 |  1.1

Action                   |  1- 3 |  4- 6 || total
-------------------------+-------+-------++-------
Melee: Unarmed           |     7 |       ||     7
       Dagger            |     2 |    25 ||    27
 Cast: Sting             |   101 |    38 ||   139
       Poisonous Vapours |       |     4 ||     4
       Olgreb's Toxic Ra |       |     3 ||     3
Invok: Upheaval          |       |     2 ||     2
  Use: Scroll            |     1 |     1 ||     2
       Potion            |       |     1 ||     1
Armor: Robe              |     5 |    22 ||    27
Dodge: Dodged            |    33 |    41 ||    74
Block: Other             |     3 |     1 ||     4

Table legend: (Time is in decaauts)
 A = Elapsed time spent in this place.
 B = Non-inter-level travel time spent in this place.
 C = Inter-level travel time spent in this place.
 D = Time resting spent in this place.
 E = Time spent auto-exploring this place.
 F = Levels seen in this place.
 G = Mean time per level.
                   A        B        C        D        E       F      G
               +--------+--------+--------+--------+--------+-----+--------+
         Total |   4007 |   3715 |    292 |    402 |   2723 |   4 | 1001.8 |
       Dungeon |   4007 |   3715 |    292 |    402 |   2723 |   4 | 1001.8 |
               +--------+--------+--------+--------+--------+-----+--------+

Top non-repeatable levels by time:
     D:1: 2084 daAuts
     D:3: 1057 daAuts
     D:2: 756 daAuts
     D:4: 109 daAuts
